 Dungeon Crawl Stone Soup version 0.23.2 (webtiles) character file.

Game seed: 10817262511391109814

134 Illumine the Shooter (level 4, 0/38 HPs)
             Began as a Centaur Hunter on Oct 17, 2019.
             Slain by an orc priest
             ... wielding a +0 hand axe
              (1 damage)
             ... on level 3 of the Dungeon.
             The game lasted 00:05:11 (2561 turns).

Illumine the Shooter (Centaur Hunter)               Turns: 2561, Time: 00:05:11

Health: 0/38       AC: 12    Str: 16    XL:     4   Next: 95%
Magic:  4/4        EV:  2    Int: 10    God:
Gold:   145        SH:  0    Dex:  9    Spells: 3/3 levels left

rFire    . . .     SeeInvis .   b - +0 spear
rCold    + . .     Gourm    .   (no shield)
rNeg     . . .     Faith    .   o - +4 plate armour {rC+}
rPois    .         Spirit   .   (no helmet)
rElec    .         Reflect  .   (no cloak)
rCorr    .         Harm     .   (no gloves)
MR       .....                  (no barding)
Stlth    ..........             (no amulet)
HPRegen  0.12/turn              g - ring of stealth
MPRegen  0.09/turn              (no ring)

@: flying, very quick
A: large, hooves 3, deformed body, speed 2, tough skin 3
a: no special abilities


You were on level 3 of the Dungeon.
You were hungry.

You visited 1 branch of the dungeon, and saw 3 of its levels.

You collected 145 gold pieces.

Inventory:

Hand Weapons
 a - a +1 shortbow
 b - a +0 spear (weapon)
Missiles
 d - 17 arrows
Armour
 c - a +0 leather armour
 o - a +4 plate armour of cold resistance (worn)
Jewellery
 g - a ring of stealth (left hand)
Scrolls
 e - 2 scrolls of immolation {unknown}
 h - 4 scrolls of identify {unknown}
 i - a scroll of fog {unknown}
 j - a scroll of teleportation {unknown}
 k - a scroll of amnesia {unknown}
 r - 2 scrolls of remove curse {unknown}
Potions
 l - a potion of agility {unknown}
 m - a potion of curing {unknown}
 n - a potion of might {unknown}
 p - a potion of mutation {unknown}
 q - a potion of haste {unknown}
 s - a potion of ambrosia {unknown}
Comestibles
 f - 4 rations


   Skills:
 + Level 3.0 Fighting
 * Level 1.8 Polearms
 + Level 6.1 Bows
 * Level 0.7 Armour
 - Level 2.0 Dodging
 - Level 0.4 Stealth


You had 3 spell levels left.
You didn't know any spells.
Your spell library was empty.

Dungeon Overview and Level Annotations

Branches:
Dungeon (3/15)

Altars:
Gozag
Makhleb
Nemelex Xobeh
Sif Muna
Uskayaw
Vehumet


Innate Abilities, Weirdness & Mutations

You have hooves in place of feet.
Armour fits poorly on your strangely shaped body.
You cover ground very quickly.
You have extremely tough skin. (AC +3)


Message History

Beogh smites you!
* * * LOW HITPOINT WARNING * * *
Firing (i - inventory)
d - 18 arrows (quivered)
Press: ? - help, Shift-Dir - straight line, f/p - orc priest
Aim: an orc priest, wielding a +0 hand axe and wearing a +0 scale mail (lightly wounded)
You shoot an arrow. The arrow hits the orc priest.
The orc priest is lightly wounded.
Wield which item (- for none, * to show all)? (? for menu, Esc to quit)
b - a +0 spear (weapon)
You hit the orc priest but do no damage.
The orc priest is lightly wounded.
The orc priest calls down the wrath of Beogh upon you.
Pain shoots through your body!
* * * LOW HITPOINT WARNING * * *
Unknown command.
It was a potion of flight.
You feel very buoyant.
You fly up into the air.
The orc priest hits you with a +0 hand axe.
You die...

########....
#####.........8.
#.....#.#####...
#.###.........#.
#.###.....####..
####.##.....[.####.
#..............# ##
.%.#####.##..........##
..(((.(.o@....#.....#####
..(##.####....##........#
.. #....###.#.....# ..o
#...## #.......# ...
##.## ###.....# .S #.#
#.)...# . .# ####### .#


You could see an orc priest.

Vanquished Creatures
  An orc wizard (D:3)
  A worker ant (D:2)
  2 adders
  3 worms
  3 dart slugs
  3 leopard geckos
  3 orcs (D:3)
  4 giant cockroaches (D:2)
  4 goblins (D:2)
  4 hobgoblins
  6 kobolds
  A quokka (D:2)
  A ball python (D:2)
  5 bats
  4 frilled lizards
  5 rats
50 creatures vanquished.

Notes
Turn   | Place    | Note
-------+----------+-------------------------------------------
     0 | D:1      | Illumine the Centaur Hunter began the quest for the Orb.
     0 | D:1      | Reached XP level 1. HP: 17/17 MP: 1/1
   384 | D:1      | Reached XP level 2. HP: 24/24 MP: 2/2
  1093 | D:2      | Reached XP level 3. HP: 20/30 MP: 3/3
  1424 | D:2      | Found an opulent altar of Gozag.
  1509 | D:2      | Reached skill level 1 in Polearms
  1524 | D:2      | Reached XP level 4. HP: 30/37 MP: 4/4
  1819 | D:2      | Reached skill level 6 in Bows
  2196 | D:3      | Found a sparkling altar of Nemelex Xobeh.
  2196 | D:3      | Found a burning altar of Makhleb.
  2198 | D:3      | Found a deep blue altar of Sif Muna.
  2204 | D:3      | Found a radiant altar of Vehumet.
  2365 | D:3      | Found a hide-covered altar of Uskayaw.
  2560 | D:3      | HP: 1/38 [orc priest/nerve-wracking pain (6)]
  2561 | D:3      | Slain by an orc priest

Skill      XL: |  1  2  3  4 |
---------------+-------------+-----
Dodging        | 2 |  2.0
Polearms       | 1 |  1.8
Bows           | 6 |  6.1
Fighting       | 3 |  3.0
Armour         | |  0.7
Stealth        | |  0.4

Action                   |  1- 3 |  4- 6 || total
-------------------------+-------+-------++-------
Melee: Short sword       |    45 |       ||    45
       Kick              |    11 |    15 ||    26
       Spear             |    19 |    75 ||    94
 Fire: Shortbow          |    17 |    25 ||    42
  Use: Potion            |       |     1 ||     1
 Stab: Sleeping          |     2 |     2 ||     4
  Eat: Chunk             |     1 |     2 ||     3
Armor: Leather armour    |    20 |    14 ||    34
       Plate armour      |       |    31 ||    31
Dodge: Dodged            |    33 |    27 ||    60
